[Event "Titled Tuesday Blitz December 13 Early 2022"]
[White "Mohammed, Dilshad"]
[Black "Rakhmanov, Aleksandr"]
[WhiteFideId "5050421"]
[BlackFideId "4173708"]
[WhiteElo "2102"]
[BlackElo "2530"]
[Result "0-1"]
[Round "01"]
[TimeControl "180+1"]
[Date "2022.12.14"]
[WhiteClock "0:00:45"]
[BlackClock "0:01:12"]

1. Nf3 Nf6 2. c4 d6 3. Nc3 e5 4. g3 Be6 5. d3 h6 6. Bg2 Nbd7 7. O-O c6 8. b3 d5 9. cxd5 cxd5 10. Bb2 d4 11. Nb1 Be7 12. Nbd2 O-O 13. Nc4 Qb8 14. Rc1 Rc8 15. h3 Nd5 16. a3 a6 17. Qd2 f6 18. Nh4 Bf8 19. Ng6 b5 20. Na5 Qb6 21. b4 Bd6 22. Rxc8+ Rxc8 23. Rc1 Rxc1+ 24. Qxc1 Qc7 25. Qxc7 Nxc7 26. Nb7 Bf8 27. Bc6 Nb6 28. Bc1 Bd5 29. Bxd5+ Nbxd5 30. Nxf8 Kxf8 31. Nc5 Ke7 32. Kf1 Kd6 33. Bd2 Kc6 34. Ke1 a5 35. Kd1 a4 36. Kc2 f5 37. h4 Kd6 38. Nb7+ Ke7 39. Nc5 Kf6 40. Nd7+ Ke6 41. Nc5+ Ke7 42. Be1 Ne6 43. Nxe6 Kxe6 44. Bd2 Kf6 45. f3 g5 46. hxg5+ hxg5 47. Kd1 g4 48. fxg4 fxg4 49. Ke1 Kf5 50. Kf2 e4 51. dxe4+ Kxe4 52. Bc1 Nb6 53. Ke1 Nc4 54. Kf2 d3 55. exd3+ Kxd3 56. Ke1 Kc2 0-1


[Site "https://www.chess.com"]

[Event "Titled Tuesday Blitz December 13 Early 2022"]
[White "Moiseenko, Alexander"]
[Black "Miszler, Levente"]
[WhiteFideId "14102560"]
[BlackFideId "763276"]
[WhiteElo "2577"]
[BlackElo "2176"]
[Result "1-0"]
[Round "01"]
[TimeControl "180+1"]
[Date "2022.12.14"]
[WhiteClock "0:00:05"]
[BlackClock "0:00:04"]

1. d4 e6 2. c4 d5 3. Nc3 c6 4. e4 dxe4 5. Nxe4 Nf6 6. Nxf6+ Qxf6 7. Nf3 Bd6 8. Bd3 h6 9. O-O O-O 10. Qe2 Nd7 11. Qe4 g6 12. Bxh6 Re8 13. Rfe1 e5 14. c5 Bc7 15. b4 Qh8 16. Qh4 Bd8 17. Bg5 Qxh4 18. Bxh4 Bxh4 19. Nxh4 Kf8 20. Nf3 exd4 21. Rxe8+ Kxe8 22. Re1+ Kf8 23. Nxd4 Nf6 24. f3 a5 25. b5 Bd7 26. bxc6 Bxc6 27. Nxc6 bxc6 28. Be4 Nxe4 29. Rxe4 Rb8 30. Rc4 Rb2 31. a4 Ra2 32. h4 Ke7 33. Kh2 Ke6 34. Rd4 Ke5 35. Rd6 Rxa4 36. Kg3 Rc4 37. Rxc6 a4 38. Ra6 Rxc5 39. Rxa4 Kf6 40. Rf4+ Kg7 41. Kg4 Rb5 42. Rc4 Rd5 43. Kf4 Ra5 44. g4 Rb5 45. g5 Rf5+ 46. Kg4 Ra5 47. f4 Rb5 48. h5 gxh5+ 49. Kxh5 Rb1 50. f5 Rh1+ 51. Rh4 Rg1 52. f6+ Kh7 53. Rh3 Rg2 54. Rh1 Rg3 55. Re1 Rg2 56. Re8 Rg1 57. Rf8 Rh1+ 58. Kg4 Rg1+ 59. Kf4 Rf1+ 60. Ke5 Re1+ 61. Kd6 Kg6 62. Rg8+ Kf5 63. Rg7 Re6+ 64. Kd7 Ra6 65. Rxf7 Kxg5 66. Ke7 Ra7+ 67. Kf8 Ra8+ 68. Kg7 Ra6 69. Rf8 Ra7+ 70. f7 Ra6 71. Rb8 Rg6+ 72. Kf8 Rf6 73. Ke7 1-0


[Site "https://www.chess.com"]

[Event "Titled Tuesday Blitz December 13 Early 2022"]
[White "Molina Carretero, Daniel"]
[Black "Matinian, Nikita"]
[WhiteFideId "32071914"]
[BlackFideId "24129100"]
[WhiteElo "2109"]
[BlackElo "2422"]
[Result "0-1"]
[Round "01"]
[TimeControl "180+1"]
[Date "2022.12.14"]
[WhiteClock "0:00:52"]
[BlackClock "0:00:56"]

1. c4 Nf6 2. g3 e6 3. Nf3 d5 4. b3 d4 5. Bg2 Nc6 6. O-O a5 7. e3 Bc5 8. Bb2 O-O 9. Re1 e5 10. exd4 exd4 11. d3 h6 12. Na3 Bf5 13. Nb5 Nb4 14. Bf1 Nc6 15. Ne5 Re8 16. Nxc6 Rxe1 17. Qxe1 bxc6 18. Na3 Qd6 19. Nc2 Ng4 20. Qd2 Ne5 21. Ne1 Bb4 22. Qe2 Bg4 23. f3 Bxe1 24. fxg4 Bc3 25. Re1 Bxe1 0-1


[Site "https://www.chess.com"]

[Event "Titled Tuesday Blitz December 13 Early 2022"]
[White "Morefield, Jason"]
[Black "Mestnikov, Aisen"]
[WhiteFideId "30920825"]
[BlackFideId "34130117"]
[WhiteElo "2171"]
[BlackElo "2027"]
[Result "1-0"]
[Round "01"]
[TimeControl "180+1"]
[Date "2022.12.14"]
[WhiteClock "0:00:36"]
[BlackClock "0:00:08"]

1. e4 e5 2. Nf3 Nc6 3. Bb5 a6 4. Ba4 Nge7 5. O-O g6 6. c4 Bg7 7. Nc3 O-O 8. d3 f5 9. Re1 f4 10. Nd5 h6 11. Bd2 g5 12. Bc3 Ng6 13. d4 g4 14. Nxe5 Ncxe5 15. dxe5 f3 16. Nf6+ Bxf6 17. exf6 d6 18. Qd5+ Kh7 19. g3 Rxf6 20. Bxf6 Qxf6 21. e5 Nxe5 22. c5 Qg6 23. cxd6 cxd6 24. Rac1 Qh5 25. Rc7+ Kh8 26. Qxd6 Nf7 27. Qf8+ 1-0


[Site "https://www.chess.com"]

[Event "Titled Tuesday Blitz December 13 Early 2022"]
[White "Mortazavi, Ali"]
[Black "Keymer, Vincent"]
[WhiteFideId "401323"]
[BlackFideId "12940690"]
[WhiteElo "2339"]
[BlackElo "2600"]
[Result "0-1"]
[Round "01"]
[TimeControl "180+1"]
[Date "2022.12.13"]
[WhiteClock "0:00:08"]
[BlackClock "0:00:25"]

1. Nf3 d5 2. g3 Bg4 3. Bg2 c6 4. O-O Nd7 5. d3 Ngf6 6. c4 dxc4 7. dxc4 h6 8. Qc2 e6 9. b3 Bf5 10. Qd1 Be7 11. Bb2 O-O 12. Nc3 Qc7 13. Nd4 Bh7 14. e3 Rad8 15. Qe2 Nc5 16. Rfd1 e5 17. Nf3 Nd3 18. h3 Rfe8 19. Ne1 e4 20. Rab1 Qa5 21. Ba1 Nxe1 22. Rxe1 Bb4 23. Rec1 Rd3 24. Na4 Rd2 25. Qf1 Red8 26. Bxf6 gxf6 27. Rd1 b5 28. cxb5 cxb5 29. Rxd2 Rxd2 30. Nb2 Qxa2 31. Qc1 Kg7 32. h4 Bf5 33. Nd1 Rc2 34. Ra1 Rxc1 35. Rxa2 Rxd1+ 36. Kh2 a5 37. g4 Bxg4 38. Bxe4 Rd2 39. Ra1 f5 40. Kg3 fxe4 41. Kxg4 Rxf2 42. Rg1 Kg6 43. Kg3 Rf3+ 44. Kg4 h5# 0-1


[Site "https://www.chess.com"]

[Event "Titled Tuesday Blitz December 13 Early 2022"]
[White "Moskalenko, Alexander"]
[Black "Chernov, Mikhail"]
[WhiteFideId "4155351"]
[BlackFideId "24143170"]
[WhiteElo "2446"]
[BlackElo "2113"]
[Result "1-0"]
[Round "01"]
[TimeControl "180+1"]
[Date "2022.12.14"]
[WhiteClock "0:00:44"]
[BlackClock "0:00:17"]

1. d4 d5 2. Bg5 h6 3. Bh4 c5 4. e3 Nc6 5. Nf3 Bg4 6. c3 cxd4 7. exd4 Qb6 8. Nbd2 e6 9. Qb3 Qxb3 10. axb3 Bd6 11. Bg3 Kd7 12. b4 f6 13. Nb3 Nge7 14. Be2 Nf5 15. Nc5+ Bxc5 16. bxc5 Nxg3 17. hxg3 e5 18. dxe5 fxe5 19. O-O-O Ke6 20. Nd4+ exd4 21. Bxg4+ Kf6 22. cxd4 Rhe8 23. Bf3 Nb4 24. Kd2 Rad8 25. Rde1 Rxe1 26. Rxe1 Nc6 27. Kc3 Rd7 28. b4 a6 29. Bg4 Rc7 30. f4 Na7 31. Re6+ Kf7 32. Re5 Nb5+ 33. Kd3 1-0


[Site "https://www.chess.com"]

[Event "Titled Tuesday Blitz December 13 Early 2022"]
[White "Moskvin, Anatoly"]
[Black "Buksa, Nataliya"]
[WhiteFideId "24199990"]
[BlackFideId "14123622"]
[WhiteElo "2104"]
[BlackElo "2303"]
[Result "1-0"]
[Round "01"]
[TimeControl "180+1"]
[Date "2022.12.14"]
[WhiteClock "0:01:00"]
[BlackClock "0:00:33"]

1. e4 c5 2. Nf3 Nc6 3. Bb5 d6 4. O-O Bd7 5. Re1 Nf6 6. c3 e5 7. d4 cxd4 8. cxd4 Nxd4 9. Nxd4 exd4 10. Bxd7+ Nxd7 11. Qxd4 Qf6 12. Qd5 O-O-O 13. Nc3 Nb6 14. Qa5 Qe7 15. Qxa7 Qc7 16. Be3 Nc4 17. Nd5 Qa5 18. Nb6+ Kc7 19. Nxc4 Qxa7 20. Bxa7 Ra8 21. Bb6+ Kd7 22. a4 Be7 23. b3 g6 24. Rad1 Ke6 25. e5 d5 26. Ne3 Bb4 27. Re2 Ba5 28. Nxd5 Bxb6 29. Nxb6 Rad8 30. Rxd8 Rxd8 31. f4 Rd3 32. Rb2 Rd4 33. g3 g5 34. fxg5 Kxe5 35. Kf2 Kf5 36. h4 Kg4 37. Nc4 Re4 38. Ne3+ Kh3 39. Kf3 Re5 40. Rb1 Kh2 41. Ng4+ 1-0


[Site "https://www.chess.com"]

[Event "Titled Tuesday Blitz December 13 Early 2022"]
[White "Movahed, Sina"]
[Black "Rosenberg, Evan S"]
[WhiteFideId "42520835"]
[BlackFideId "2019299"]
[WhiteElo "2225"]
[BlackElo "2408"]
[Result "1-0"]
[Round "01"]
[TimeControl "180+1"]
[Date "2022.12.14"]
[WhiteClock "0:01:58"]
[BlackClock "0:00:06"]

1. e4 e5 2. Nf3 Nc6 3. Bb5 Nf6 4. O-O Nxe4 5. Re1 Nd6 6. Nxe5 Be7 7. Bd3 Nxe5 8. Rxe5 O-O 9. Nc3 Bf6 10. Re3 Re8 11. Nd5 Rxe3 12. dxe3 Ne8 13. Nxf6+ Nxf6 14. b4 d5 15. Bb2 c6 16. a4 Be6 17. Bd4 Ne4 18. c4 Qh4 19. Qc2 Re8 20. c5 h6 21. f3 Nf6 22. Qf2 Qxf2+ 23. Kxf2 a6 24. b5 axb5 25. axb5 Nd7 26. Ra7 b6 27. bxc6 Nxc5 28. Bb5 Rc8 29. g4 f6 30. h4 Kf8 31. h5 Bf7 32. c7 Be8 33. Bxc5+ bxc5 34. Ba6 Bd7 35. Bxc8 Bxc8 36. Ra8 1-0


[Site "https://www.chess.com"]

[Event "Titled Tuesday Blitz December 13 Early 2022"]
[White "Musovic, Armin"]
[Black "Baruch, Liam"]
[WhiteFideId "939935"]
[BlackFideId "14322064"]
[WhiteElo "2288"]
[BlackElo "1954"]
[Result "1-0"]
[Round "01"]
[TimeControl "180+1"]
[Date "2022.12.14"]
[WhiteClock "0:01:38"]
[BlackClock "0:00:11"]

1. a3 d5 2. Nc3 e6 3. e4 d4 4. Nce2 c5 5. Ng3 Nc6 6. Bb5 Bd7 7. Bxc6 Bxc6 8. d3 Nf6 9. N1e2 Be7 10. O-O O-O 11. h3 Rc8 12. f4 Nd7 13. f5 e5 14. Kh1 f6 15. Rg1 Bb5 16. b3 Ba6 17. a4 Rc7 18. Bd2 Qb8 19. Nh5 b5 20. axb5 Bxb5 21. g4 Qe8 22. Rg2 Qf7 23. Ng1 h6 24. h4 Rb8 25. g5 Bf8 26. gxh6 Nb6 27. Rg6 Kh8 28. hxg7+ Bxg7 29. Nxg7 Qxg7 30. Rxg7 Rxg7 31. Qh5+ Rh7 32. Bh6 Nd7 33. Rxa7 Rg8 34. Nf3 Bc6 35. Ng5 fxg5 36. hxg5 Nf8 37. Rxh7+ Nxh7 38. g6 Nf6 39. Qh4 Nxe4 40. dxe4 Bxe4+ 41. Kh2 1-0


[Site "https://www.chess.com"]

[Event "Titled Tuesday Blitz December 13 Early 2022"]
[White "Nakamura, Hikaru"]
[Black "Diaz Rosas, Julio Cesar"]
[WhiteFideId "2016192"]
[BlackFideId "5105099"]
[WhiteElo "2909"]
[BlackElo "2246"]
[Result "1-0"]
[Round "01"]
[TimeControl "180+1"]
[Date "2022.12.13"]
[WhiteClock "0:00:58"]
[BlackClock "0:00:02"]

1. Nf3 d5 2. b3 Nf6 3. Bb2 g6 4. c4 c6 5. e3 Bg7 6. d4 O-O 7. Bd3 Bg4 8. Nbd2 Nbd7 9. O-O Re8 10. Qc2 Rc8 11. h3 Bxf3 12. Nxf3 e6 13. Rac1 b6 14. b4 Qe7 15. Qb3 Red8 16. c5 b5 17. a4 a6 18. Ra1 Ne4 19. axb5 axb5 20. Qc2 f5 21. Ra7 Ra8 22. Rfa1 Qe8 23. R7a6 Rdc8 24. Qb1 Rxa6 25. Rxa6 e5 26. Qa1 exd4 27. Bxd4 Bxd4 28. Nxd4 Ne5 29. Ra7 Nxf2 30. Bc2 Ne4 31. Nf3 Nd7 32. Bxe4 dxe4 33. Qa2+ Kg7 34. Ng5 Qe7 35. Ne6+ Kf6 36. Nd4 g5 37. Qf2 f4 38. exf4 e3 39. fxg5+ Kg7 40. Nf5+ Kf8 41. Nxe3+ Ke8 42. Nf5 Qe5 43. Nd6+ Kd8 44. Nf7+ 1-0


[Site "https://www.chess.com"]

[Event "Titled Tuesday Blitz December 13 Early 2022"]
[White "Namitbir Singh Walia"]
[Black "Lazavik, Denis"]
[WhiteFideId "35071068"]
[BlackFideId "13515110"]
[WhiteElo "2239"]
[BlackElo "2484"]
[Result "0-1"]
[Round "01"]
[TimeControl "180+1"]
[Date "2022.12.13"]
[WhiteClock "0:00:17"]
[BlackClock "0:01:05"]

1. e4 c5 2. Nf3 e6 3. d4 cxd4 4. Nxd4 Nc6 5. Nb5 d6 6. c4 Nf6 7. N1c3 a6 8. Na3 Qa5 9. Bd3 d5 10. cxd5 exd5 11. exd5 Nxd5 12. Qe2+ Be6 13. Bd2 Bxa3 14. Nxd5 Qxd5 15. bxa3 O-O 16. Be4 Qe5 17. Rd1 Bd5 18. Bxd5 Qxd5 19. O-O Qxa2 20. Ra1 Qd5 21. Be3 Rfe8 22. Qb2 Re7 23. Rfd1 Qf5 24. h3 h6 25. Rac1 Rae8 26. Rc5 Qg6 27. Rcd5 Ne5 28. Kh1 Nc4 29. Qd4 Nxe3 30. fxe3 Rxe3 31. Rd8 Rxd8 32. Qxd8+ Kh7 33. Qd2 Qe4 34. Qb2 Rxh3+ 35. Kg1 Qe3+ 36. Kf1 Rh1# 0-1


[Site "https://www.chess.com"]

[Event "Titled Tuesday Blitz December 13 Early 2022"]
[White "Navara, David"]
[Black "Andreev, Konstantin"]
[WhiteFideId "309095"]
[BlackFideId "24239305"]
[WhiteElo "2676"]
[BlackElo "2106"]
[Result "1-0"]
[Round "01"]
[TimeControl "180+1"]
[Date "2022.12.13"]
[WhiteClock "0:00:06"]
[BlackClock "0:00:18"]

1. c4 e5 2. g3 Nf6 3. Bg2 d5 4. cxd5 Nxd5 5. Nf3 Nc6 6. O-O Be7 7. d4 e4 8. Ne5 Nxe5 9. dxe5 Bf5 10. Bxe4 Bxe4 11. Qa4+ Qd7 12. Qxe4 O-O-O 13. Nd2 h5 14. Nf3 h4 15. g4 h3 16. Rd1 Qe6 17. Bg5 f6 18. Bh4 g5 19. Bg3 Nf4 20. e3 Qxg4 21. exf4 f5 22. Qe2 gxf4 23. Kh1 fxg3 24. hxg3 Bc5 25. Rxd8+ Rxd8 26. e6 f4 27. Qe4 Re8 28. Qd5 Qxe6 29. Qxc5 Qe4 30. Qh5 fxg3 31. Qxh3+ Re6 32. Re1 g2+ 33. Kg1 1-0


[Site "https://www.chess.com"]

[Event "Titled Tuesday Blitz December 13 Early 2022"]
[White "Oganian, Miran"]
[Black "Forgacs, Attila Jr."]
[WhiteFideId "4122488"]
[BlackFideId "773654"]
[WhiteElo "2323"]
[BlackElo "2168"]
[Result "1-0"]
[Round "01"]
[TimeControl "180+1"]
[Date "2022.12.14"]
[WhiteClock "0:02:12"]
[BlackClock "0:00:45"]

1. e4 e5 2. Nf3 Nc6 3. Nc3 Nf6 4. d4 exd4 5. Nxd4 Bb4 6. Nxc6 bxc6 7. Bd3 O-O 8. O-O d5 9. exd5 cxd5 10. h3 Rb8 11. Qf3 c6 12. Bf4 Bd6 13. b3 Be6 14. Ne2 Qc7 15. Rfe1 Rfe8 16. Rad1 c5 17. c4 dxc4 18. Bxd6 Qxd6 19. Bxh7+ Kxh7 20. Rxd6 cxb3 21. axb3 Rxb3 22. Qf4 Rb4 23. Qg3 Bc4 24. Rxf6 gxf6 25. Qh4+ Kg7 26. Qg4+ Kh8 27. Qh5+ Kg7 28. Kh2 Re5 29. Qg4+ Kf8 30. Qc8+ Kg7 31. f4 Rxe2 32. Qg4+ Kf8 33. Rxe2 Bxe2 34. Qxe2 Rxf4 35. Qa6 Kg7 36. Qxa7 Rf5 37. Qd7 Re5 38. h4 Re4 39. g3 c4 40. Kh3 c3 41. Qc6 Re3 42. h5 f5 43. h6+ Kh7 44. Qf6 1-0


[Site "https://www.chess.com"]

[Event "Titled Tuesday Blitz December 13 Early 2022"]
[White "Ohanyan, Emin"]
[Black "Vega Gutierrez, Sabrina"]
[WhiteFideId "13312022"]
[BlackFideId "2219026"]
[WhiteElo "2352"]
[BlackElo "2261"]
[Result "1-0"]
[Round "01"]
[TimeControl "180+1"]
[Date "2022.12.14"]
[WhiteClock "0:00:09"]
[BlackClock "0:00:03"]

1. e4 c5 2. Nf3 Nc6 3. d4 cxd4 4. Nxd4 Nf6 5. Nc3 e5 6. Ndb5 d6 7. Bg5 a6 8. Na3 b5 9. Bxf6 gxf6 10. Nd5 Bg7 11. c3 f5 12. exf5 Bxf5 13. Nc2 Be6 14. Nce3 O-O 15. Bd3 f5 16. O-O Kh8 17. Qh5 e4 18. Bc2 Ne7 19. Rad1 Ng6 20. g3 Ra7 21. Kh1 Raf7 22. Nf4 Nxf4 23. gxf4 Rf6 24. Rg1 Bh6 25. Qh4 Rg6 26. Qxd8 Rxd8 27. Nd5 Rxg1+ 28. Kxg1 Rg8+ 29. Kf1 Rg4 30. Ne3 Rg6 31. Rxd6 Bxf4 32. Rd8+ Kg7 33. Bb3 Bxb3 34. axb3 Bxe3 35. fxe3 Kf6 36. c4 bxc4 37. bxc4 Ke5 38. Rd5+ Ke6 39. Ra5 Ke7 40. Rxf5 Rb6 41. Re5+ Kf6 42. Rxe4 Rxb2 43. Rh4 Kg6 44. Ke1 a5 45. Kd1 a4 46. c5 a3 47. Kc1 Rb3 48. Ra4 Rxe3 49. Kd2 Rh3 50. c6 Rxh2+ 51. Kc1 Rh5 52. Rc4 1-0


[Site "https://www.chess.com"]

[Event "Titled Tuesday Blitz December 13 Early 2022"]
[White "Omariev, Maksim"]
[Black "Fier, Alexandr"]
[WhiteFideId "4193423"]
[BlackFideId "2107139"]
[WhiteElo "2418"]
[BlackElo "2612"]
[Result "0-1"]
[Round "01"]
[TimeControl "180+1"]
[Date "2022.12.14"]
[WhiteClock "0:00:01"]
[BlackClock "0:02:05"]

1. g4 d5 2. Bg2 Bxg4 3. c4 c6 4. Qb3 Nf6 5. Qxb7 Nbd7 6. Nc3 e6 7. Qxc6 Rc8 8. Qa6 Rxc4 9. b3 Rc8 10. Ba3 Bc5 11. Nf3 O-O 12. O-O Bxf3 13. Bxf3 Ne5 14. Bg2 Bxa3 15. Qxa3 d4 16. Nb5 Rc2 17. Rfd1 Nfg4 18. h3 d3 19. hxg4 dxe2 20. Re1 Rxd2 21. Qxa7 Nxg4 22. Qc7 Qd3 23. a4 e5 24. Qc6 Rd1 25. Qf3 Rxa1 26. Rxa1 Qd2 27. Qxg4 e1=Q+ 28. Rxe1 Qxe1+ 29. Bf1 e4 30. b4 e3 31. Qe2 exf2+ 32. Qxf2 Qxb4 33. Qg2 Qxa4 34. Qf2 Qg4+ 35. Qg2 Qxg2+ 36. Kxg2 g6 37. Nd4 Kg7 38. Nf3 Rb8 39. Ne5 Rb4 40. Nd3 Ra4 41. Nc5 Ra3 42. Nd3 h5 43. Nf4 h4 44. Nh3 f6 45. Nf4 g5 46. Ne6+ Kh6 47. Nd4 g4 48. Be2 Kg5 49. Ne6+ Kf5 50. Nd4+ Ke4 51. Nb5 Ra2 52. Kf1 Kf4 53. Nc3 Ra1+ 54. Kf2 h3 0-1


[Site "https://www.chess.com"]

[Event "Titled Tuesday Blitz December 13 Early 2022"]
[White "Osiecki, Stanislaw"]
[Black "Yaniuk, Volodymyr"]
[WhiteFideId "1102990"]
[BlackFideId "14133083"]
[WhiteElo "2088"]
[BlackElo "2141"]
[Result "1-0"]
[Round "01"]
[TimeControl "180+1"]
[Date "2022.12.14"]
[WhiteClock "0:01:13"]
[BlackClock "0:00:59"]

1. e4 e5 2. Nf3 Nc6 3. Bb5 a6 4. Bxc6 dxc6 5. O-O f6 6. d4 exd4 7. Nxd4 c5 8. Nb3 Qxd1 9. Rxd1 Bd6 10. Be3 Bd7 11. Nxc5 Bc6 12. f3 O-O-O 13. Nc3 Ne7 14. Ne6 Rdg8 15. Bf4 Bxf4 16. Nxf4 h5 17. Kf2 h4 18. Ncd5 Nxd5 19. exd5 Bd7 20. Ng6 Bf5 21. Ne7+ Kd7 22. Nxf5 Rh5 23. Ne3 f5 24. Rd3 g5 25. Nxf5 g4 26. fxg4 Rxg4 27. Ne3 Rf4+ 28. Kg1 Rg5 29. Rf1 Re4 30. Kf2 Rf4+ 31. Ke2 Re4 32. Rf2 Rge5 33. Kd2 b5 34. c3 a5 35. Rf3 Rg5 36. Rd4 Rxd4+ 37. cxd4 Kd6 38. Rh3 c5 39. Rxh4 cxd4 40. Rxd4 Ke5 41. Rg4 Rh5 42. h3 b4 43. Kd3 Rh8 44. Rd4 Kd6 45. Nc4+ Kc5 46. Nxa5 Rg8 47. Nb3+ Kb5 48. g4 Ka4 49. d6 Rg5 50. d7 Rd5 51. d8=Q Rxd4+ 52. Qxd4 1-0


[Site "https://www.chess.com"]

[Event "Titled Tuesday Blitz December 13 Early 2022"]
[White "Osinovsky, Stepan"]
[Black "Yilmaz, Mustafa"]
[WhiteFideId "4157354"]
[BlackFideId "6302718"]
[WhiteElo "2222"]
[BlackElo "2564"]
[Result "0-1"]
[Round "01"]
[TimeControl "180+1"]
[Date "2022.12.13"]
[WhiteClock "0:00:01"]
[BlackClock "0:00:04"]

1. e4 c5 2. Nf3 d6 3. d3 Nf6 4. Nbd2 g6 5. g3 Bg7 6. Bg2 O-O 7. O-O Nc6 8. Re1 Rb8 9. e5 dxe5 10. Nxe5 Nxe5 11. Rxe5 b6 12. a4 Bb7 13. Bxb7 Rxb7 14. Qf3 Rd7 15. Nc4 Nd5 16. Re2 Nb4 17. Bg5 h6 18. Bf4 Qa8 19. Qxa8 Rxa8 20. Rae1 Nc6 21. Ne5 Bxe5 22. Bxe5 g5 23. Kg2 f6 24. Bc3 Kf7 25. Re4 a6 26. Ra1 Rc8 27. h3 b5 28. axb5 axb5 29. b3 Ra7 30. Rxa7 Nxa7 31. Re1 Nc6 32. Ra1 Ke6 33. Ra6 Kd7 34. Kf1 Kc7 35. Ke1 Kb7 36. Ra2 h5 37. Kd2 g4 38. h4 e5 39. Ra1 Ne7 40. Ra5 Kb6 41. b4 cxb4 42. Bxb4 Nd5 43. c3 Rd8 44. Ra1 Nxb4 45. cxb4 e4 46. Ra3 Rd4 47. Rb3 Kc6 48. Ke3 Kd5 49. dxe4+ Rxe4+ 50. Kd3 f5 51. Rb2 f4 52. gxf4 Rxf4 0-1


[Site "https://www.chess.com"]

[Event "Titled Tuesday Blitz December 13 Early 2022"]
[White "Osmak, Yuliia"]
[Black "Sankalan Shah"]
[WhiteFideId "14101602"]
[BlackFideId "25600362"]
[WhiteElo "2328"]
[BlackElo "2118"]
[Result "0-1"]
[Round "01"]
[TimeControl "180+1"]
[Date "2022.12.14"]
[WhiteClock "0:00:02"]
[BlackClock "0:00:35"]

1. e4 c6 2. d4 d6 3. f4 Nf6 4. Bd3 g6 5. Nf3 Bg7 6. O-O O-O 7. c3 Nbd7 8. e5 Nd5 9. c4 Nb4 10. Be2 c5 11. a3 Nc6 12. d5 Nd4 13. Nxd4 cxd4 14. exd6 exd6 15. Nd2 a5 16. Nf3 Qf6 17. Bd3 Nc5 18. Ne1 Re8 19. b3 a4 20. b4 Nb3 21. Rb1 Bf5 22. Bb2 Qe7 23. Bxf5 gxf5 24. Nd3 Qe3+ 25. Kh1 Nd2 26. Bc1 Qxd3 27. Bxd2 Qxc4 28. Qf3 Re4 29. Rbc1 Qxd5 30. Rc7 Rae8 31. h3 Qb3 32. Qh5 Re2 33. Bc1 d3 34. Qxf5 d2 35. Bxd2 Rxd2 36. Rxb7 Qa2 37. Qg4 h6 38. f5 Rf2 39. Rxf2 Qxf2 40. f6 Qxf6 41. Qg3 Qf1+ 42. Kh2 Kh8 43. Rb5 Be5 44. Rxe5 Rxe5 45. Qc3 Qf6 46. Qc8+ Kg7 47. Qc2 Qf4+ 48. g3 Qe4 0-1


[Site "https://www.chess.com"]

[Event "Titled Tuesday Blitz December 13 Early 2022"]
[White "Ozates, Tuna"]
[Black "Zhalmakhanov, Ramazan"]
[WhiteFideId "6354521"]
[BlackFideId "13706357"]
[WhiteElo "2151"]
[BlackElo "2432"]
[Result "0-1"]
[Round "01"]
[TimeControl "180+1"]
[Date "2022.12.13"]
[WhiteClock "0:00:13"]
[BlackClock "0:00:11"]

1. e4 c5 2. Nf3 Nc6 3. Bb5 g6 4. Bxc6 dxc6 5. d3 Bg7 6. h3 Nf6 7. Nc3 O-O 8. Be3 b6 9. O-O Nh5 10. Qd2 e5 11. a3 Qf6 12. Ne2 Re8 13. b4 cxb4 14. axb4 Qd6 15. Bxb6 Bxh3 16. Bc5 Qf6 17. Qg5 Qxg5 18. Nxg5 Bg4 19. f3 Bd7 20. Rxa7 Rxa7 21. Bxa7 Ra8 22. Be3 Ra2 23. Rc1 Bf8 24. Bd2 Bh6 25. g4 Ng7 26. Nc3 Ra8 27. Rd1 f6 28. Nh3 Bxd2 29. Rxd2 Ne6 30. Ne2 Ra4 31. c3 Ra3 32. Nf2 Kf7 33. Nd1 Ke7 34. Ne3 Ng5 35. Kf2 h5 36. gxh5 gxh5 37. f4 Nh3+ 38. Kf3 h4 39. Rc2 Ra8 40. fxe5 fxe5 41. Nc4 Rf8+ 42. Ke3 Ke6 43. Rc1 Ng5 44. Rg1 Rf3+ 45. Kd2 Nf7 46. Ne3 h3 47. Nf5 Kf6 48. Neg3 Ng5 49. Ke2 Bxf5 50. Nxf5 h2 51. Rh1 Rh3 52. Kf2 Rxd3 53. Rxh2 Nxe4+ 54. Ke2 Rd2+ 55. Ke3 Rxh2 56. Kxe4 Re2+ 57. Ne3 Ke6 58. c4 Rb2 59. Kd3 Rxb4 0-1


[Site "https://www.chess.com"]

[Event "Titled Tuesday Blitz December 13 Early 2022"]
[White "Pajeken, Jakob Leon"]
[Black "Sargissyan, Sargis"]
[WhiteFideId "12942839"]
[BlackFideId "13303210"]
[WhiteElo "2414"]
[BlackElo "2109"]
[Result "1/2-1/2"]
[Round "01"]
[TimeControl "180+1"]
[Date "2022.12.14"]
[WhiteClock "0:00:12"]
[BlackClock "0:00:18"]

1. d4 d6 2. Nf3 Nf6 3. g3 Nbd7 4. c4 e5 5. Nc3 exd4 6. Nxd4 Ne5 7. b3 d5 8. Bg2 Bb4 9. Bb2 dxc4 10. O-O O-O 11. a3 Bxc3 12. Bxc3 cxb3 13. Qxb3 c5 14. Nb5 Be6 15. Qc2 Nc6 16. Rfd1 Qe7 17. Nd6 Rad8 18. Bxc6 bxc6 19. Bxf6 Qxf6 20. Qxc5 Bd5 21. Nc4 Qe6 22. Ne3 Qe4 23. f3 Qe6 24. Rd3 Rd7 25. Rad1 Rfd8 26. Qd4 Bxf3 27. Qxa7 Bd5 28. Qd4 h6 29. Qf4 Re8 30. Nxd5 cxd5 31. e3 Rde7 32. Kf2 Qa6 33. Rxd5 Qxa3 34. R1d3 Qb2+ 35. Rd2 Qa3 36. R5d3 Qc5 37. Rd4 Qc3 38. R4d3 Qc5 39. Rd4 Qc3 40. R4d3 Qc5 1/2-1/2


[Site "https://www.chess.com"]

[Event "Titled Tuesday Blitz December 13 Early 2022"]
[White "Pakleza, Zbigniew"]
[Black "Sai Han Thiha"]
[WhiteFideId "1119290"]
[BlackFideId "13012290"]
[WhiteElo "2410"]
[BlackElo "1954"]
[Result "1-0"]
[Round "01"]
[TimeControl "180+1"]
[Date "2022.12.14"]
[WhiteClock "0:00:29"]
[BlackClock "0:00:01"]

1. d4 Nf6 2. Nf3 e6 3. Bf4 c5 4. c3 b6 5. e3 Bb7 6. Nbd2 cxd4 7. cxd4 d6 8. Bd3 Be7 9. O-O O-O 10. h3 Nbd7 11. Qe2 a6 12. e4 b5 13. Rad1 Qb6 14. Rfe1 Rac8 15. Bb1 Rfe8 16. e5 Nd5 17. Bg5 Bf8 18. Qe4 g6 19. Qh4 dxe5 20. dxe5 Bg7 21. Bh6 Bxh6 22. Qxh6 Nf8 23. Ne4 Qd8 24. Nf6+ Nxf6 25. Rxd8 Nd5 26. Rxe8 Rxe8 27. Ng5 Rc8 28. Ne4 Nd7 29. Nd6 Rc7 30. Be4 Ba8 31. Ne8 1-0


[Site "https://www.chess.com"]

[Event "Titled Tuesday Blitz December 13 Early 2022"]
[White "Paravyan, David"]
[Black "Derjabin, Ilja"]
[WhiteFideId "4194985"]
[BlackFideId "14104768"]
[WhiteElo "2551"]
[BlackElo "2309"]
[Result "1-0"]
[Round "01"]
[TimeControl "180+1"]
[Date "2022.12.13"]
[WhiteClock "0:00:05"]
[BlackClock "0:00:01"]

1. e4 e6 2. d4 d5 3. Nc3 Nf6 4. Bg5 Be7 5. e5 Ne4 6. Bxe7 Qxe7 7. Nxe4 dxe4 8. c3 O-O 9. Ne2 f5 10. Nf4 c5 11. d5 exd5 12. Qxd5+ Kh8 13. O-O-O Nc6 14. Qd6 Qxd6 15. exd6 Bd7 16. Bb5 Rad8 17. Rd5 g5 18. Ne2 b6 19. Ng3 Rf6 20. Rhd1 Rdf8 21. Bxc6 Bxc6 22. Re5 Bd7 23. Rdd5 Rd8 24. Re7 Bc6 25. Rxf5 Rdxd6 26. Rxa7 h5 27. Re7 h4 28. Rxf6 Rxf6 29. Nxe4 Bxe4 30. Rxe4 Rxf2 31. Rg4 Rf5 32. Kc2 Kg7 33. Kb3 Kf6 34. Kc4 Re5 35. a4 Re2 36. b3 Kf5 37. h3 Rb2 38. b4 cxb4 39. cxb4 Ra2 40. Kb5 Ra1 41. a5 bxa5 42. bxa5 Ra2 43. a6 1-0


[Site "https://www.chess.com"]

[Event "Titled Tuesday Blitz December 13 Early 2022"]
[White "Peatman, Carter"]
[Black "Ozen, Bahadir"]
[WhiteFideId "2096480"]
[BlackFideId "6337058"]
[WhiteElo "2469"]
[BlackElo "2503"]
[Result "0-1"]
[Round "01"]
[TimeControl "180+1"]
[Date "2022.12.14"]
[WhiteClock "0:00:15"]
[BlackClock "0:01:20"]

1. d4 d6 2. e4 Nf6 3. Nc3 Nbd7 4. f4 e5 5. Nf3 exd4 6. Nxd4 g6 7. Bd3 Bg7 8. Be3 O-O 9. O-O Re8 10. Qf3 Nc5 11. Rae1 Ng4 12. Bf2 Nxf2 13. Qxf2 c6 14. f5 Qf6 15. fxg6 Qxf2+ 16. Rxf2 hxg6 17. Nf3 b5 18. h3 a5 19. Nd1 Be6 20. a3 b4 21. axb4 axb4 22. Kh1 Bf6 23. Nd2 Bh4 24. Ref1 Bxf2 25. Rxf2 Ra1 26. Rf1 Rea8 27. Be2 Rc1 28. Bd3 Raa1 29. Ne3 Rxf1+ 30. Bxf1 Re1 31. Ng4 Bxg4 32. hxg4 Rd1 0-1


[Site "https://www.chess.com"]